 Dungeon Crawl Stone Soup version 0.30-b1-2-g02819fbbbe (webtiles) character file.

Game seed: 14386875135714323709

452 brikbrik the Covered (level 6, 0/53 HPs)
             Began as an Armataur Fighter on June 16, 2023.
             Succumbed to a kobold brigand's poison
             ... on level 4 of the Dungeon.
             The game lasted 00:15:35 (2472 turns).

brikbrik the Covered (Armataur Fighter)             Turns: 2472, Time: 00:15:36

Health: 0/53       AC:  7    Str: 22    XL:     6   Next: 75%
Magic:  6/6        EV:  7    Int:  8    God:
Gold:   203        SH:  4    Dex: 11    Spells: 5/5 levels left

rFire   + + .        a - +1 flail
rCold   + . .        c - +0 buckler
rNeg    . . .        b - +0 scale mail
rPois   +            (helmet restricted)
rElec   +            (no cloak)
rCorr   +            (no gloves)
SInv    .            (no barding)
Will    .....        (no amulet) Stlth
                     k - ring of wizardry
HPRegen 0.28/turn    (no ring)
MPRegen 0.10/turn

%: roll, wizardry (x1)
@: lethally poisoned (0 -> -2), resistant
A: large, rugged brown scales 3, deformed body, armoured tail, roll, long
tongue, awkward tongue, antennae 1, fire resistance 1, no potion heal 1
a: no special abilities


You were on level 4 of the Dungeon.
You visited 1 branch of the dungeon, and saw 4 of its levels.

You collected 203 gold pieces.

Inventory:

Hand Weapons
 a - a +1 flail (weapon)
 y - a +1 vampiric hand axe
Armour
 b - a +0 scale mail (worn)
 c - a +0 buckler (worn)
 e - a +0 helmet
Jewellery
 k - a ring of wizardry (left hand)
 v - an amulet of guardian spirit
Wands
 o - a wand of mindburst (9)
 p - a wand of charming (11)
 x - a wand of polymorph (5)
Scrolls
 f - 4 scrolls of teleportation
 g - a scroll of noise {unknown}
 i - 2 scrolls of enchant weapon
 j - a scroll of immolation {unknown}
 l - a scroll of butterflies {unknown}
 m - 6 scrolls of identify {unknown}
 r - a scroll of fear {unknown}
 t - a scroll of fog {unknown}
 u - a scroll of torment {unknown}
Potions
 n - a potion of mutation
 q - a potion of ambrosia {unknown}
 s - a potion of invisibility {unknown}
 w - a potion of heal wounds {unknown}


   Skills:
 - Level 2.8 Fighting
 + Level 5.2 Maces & Flails
 + Level 6.3 Armour
 - Level 0.2 Dodging
 - Level 3.4 Shields


You had 5 spell levels left.
You didn't know any spells.
Your spell library contained the following spells:

 Spells                   Type           Power      Damage    Failure   Level
 Foxfire                  Conj/Fire      0%         2x1d4     45%         1
 Magic Dart               Conj           0%         1d3       45%         1
 Call Imp                 Summ           0%         N/A       58%         2
 Lesser Beckoning         Tloc           0%         N/A       58%         2
 Call Canine Familiar     Summ           0%         N/A       80%         3
 Gell's Gravitas          Tloc           0%         N/A       80%         3
 Mephitic Cloud           Conj/Pois/Air  0%         N/A       80%         3
 Portal Projectile        Hex/Tloc       0%         N/A       80%         3
 Teleport Other           Tloc           0%         N/A       80%         3
 Leda's Liquefaction      Hex/Erth       0%         N/A       99%         4
 Fireball                 Conj/Fire      0%         3d3       100%        5
 Plasma Beam              Fire/Air       0%         2x1d11    100%        6
 Starburst                Conj/Fire      0%         6d3       100%        6


Dungeon Overview and Level Annotations

Branches:
Dungeon (4/15)
 Temple: D:4-7

Altars:


Innate Abilities, Weirdness & Mutations

You are completely covered in rugged brown scales. (AC +3, +7% HP)
Armour fits poorly on your strangely shaped body.
You have a long armoured tail.
You roll when moving toward enemies. (Rampage)
Your long tongue fully drains potion bottles. (2x potion effects)
Your tongue gives you trouble enunciating. (1.5x scroll delay)
You have a pair of small antennae on your head.
Your flesh is heat resistant. (rF+)
Potions are less effective at restoring your health.


Message History

The water moccasin is heavily wounded.
The water moccasin bites you.
* * * LOW HITPOINT WARNING * * *
You thump the water moccasin!
The water moccasin is almost dead.
The water moccasin bites you but does no damage. x2
You barely miss the water moccasin.
The water moccasin is almost dead.
The water moccasin barely misses you.
You closely miss the water moccasin.
Your tail-slap misses the water moccasin.
The water moccasin is almost dead.
The water moccasin barely misses you.
The water moccasin bites you but does no damage.
You closely miss the water moccasin. You tail-slap the water moccasin.
You kill the water moccasin!
The kobold brigand throws a poisoned dart.
You block the poisoned dart.
Your Maces & Flails skill increases to level 5!
Your Armour skill increases to level 6!
There is an open door here.
The kobold brigand throws a poisoned dart.
The poisoned dart hits you!
The kobold brigand throws a poisoned dart.
The poisoned dart hits you!
The kobold brigand throws a poisoned dart.
The poisoned dart hits you!
You are lethally poisoned!
* * * LOW HITPOINT WARNING * * *
You feel sick.
* * * LOW HITPOINT WARNING * * *
You feel sick.
You barely miss the kobold brigand.
* * * LOW HITPOINT WARNING * * *
You feel sick.
The kobold brigand hits you with a +0 dagger.
* * * LOW HITPOINT WARNING * * *
You miss the kobold brigand.
Your tail-slap misses the kobold brigand.
You die...

#### .K## ########### # #.$#
#.........# # #.## #.........# #
####.# #.........# # ##.#.##
#รท........# # ##.#.#.#
###.........######## #.######
##.K.................
..##.#.#.####..#@........##....##
#.............#############.##.##
###########..## ########.##.##
....... ##.# #...........##
....... #..### #...........##
....... ##....# #...........##
......[##.....# #...........##
.......#......# #...........#.
.........###### #...........#.


You could see a kobold brigand.

Vanquished Creatures
  Grinder (D:4)
  A water moccasin (D:4)
  3 gnolls (D:3)
  6 adders
  A dart slug (D:1)
  A worm (D:2)
  3 orcs (D:4)
  6 bats
  5 endoplasms
  2 giant cockroaches
  4 hobgoblins
  3 jackals (D:1)
  6 quokkas
  6 ball pythons
  3 frilled lizards
  A goblin (D:4)
  8 kobolds
  7 rats
67 creatures vanquished.

Notes
Turn   | Place    | Note
-------+----------+-------------------------------------------
     0 | D:1      | brikbrik the Armataur Fighter began the quest for the Orb.
     0 | D:1      | Reached XP level 1. HP: 19/19 MP: 1/1
   229 | D:1      | Reached XP level 2. HP: 26/26 MP: 2/2
   669 | D:2      | Reached XP level 3. HP: 31/32 MP: 3/3
  1298 | D:3      | Reached skill level 4 in Armour
  1298 | D:3      | Reached XP level 4. HP: 38/39 MP: 4/4
  2134 | D:4      | Reached XP level 5. HP: 35/47 MP: 5/5
  2326 | D:4      | Noticed Grinder
  2334 | D:4      | Killed Grinder
  2335 | D:4      | Reached skill level 5 in Armour
  2335 | D:4      | Reached XP level 6. HP: 47/53 MP: 6/6
  2432 | D:4      | Noticed a water moccasin
  2447 | D:4      | Gained mutation: Potions are less effective at restoring
                  | your health. [potion of mutation]
  2447 | D:4      | Gained mutation: Your flesh is heat resistant. (rF+)
                  | [potion of mutation]
  2447 | D:4      | Gained mutation: You have a pair of small antennae on your
                  | head. [potion of mutation]
  2454 | D:4      | HP: 1/53 [water moccasin (3)]
  2458 | D:4      | Killed a water moccasin
  2459 | D:4      | Reached skill level 5 in Maces & Flails
  2459 | D:4      | Reached skill level 6 in Armour
  2471 | D:4      | HP: 2/53 [poisoned by a kobold brigand]
  2472 | D:4      | Succumbed to a kobold brigand's poison

Illustrated notes

Levels and vault maps discovered:
D:1:      nicolae_arrival_somewhat_less_tricky_arrival, layout_rooms
D:2:      layout_basic, grunt_decor_one_mirror
D:3:      layout_basic
D:4:      layout_basic, minmay_small_thing, uniq_grinder

Skill      XL: |  1  2  3  4  5  6 |
---------------+-------------------+-----
Maces & Flails | 2 3 4 5 |  5.2
Armour         | 4 5 6 |  6.3
Fighting       | |  2.8
Dodging        | |  0.2
Shields        | |  3.4

Action                     |  1- 3 |  4- 6 || total
---------------------------+-------+-------++-------
  Melee: Flail             |   144 |    95 ||   239
         Tailslap          |     9 |     6 ||    15
    Use: Scroll            |     1 |     1 ||     2
         Potion            |       |     3 ||     3
 Armour: Scale mail        |   115 |    53 ||   168
  Dodge: Dodged            |    62 |    32 ||    94
  Block: Buckler           |    39 |    14 ||    53
